 Dungeon Sprint DCSS version 0.21-a0-173-g99db44b (webtiles) character file.

18239 Deeps the Executioner (level 12, -4/128 HPs)
             Began as a Minotaur Fighter on Aug 8, 2017.
             Was the Champion of Okawaru.
             Slain by an ettin
             ... wielding a +0 dire flail
              (17 damage)
             ... in the Dungeon (Sprint IX: "|||||||||||||||||||||||||||||").
             The game lasted 00:07:51 (2195 turns).

Deeps the Executioner (Minotaur Fighter)            Turns: 2195, Time: 00:07:51

Health: -4/128     AC: 26    Str: 32    XL:     12   Next: 25%
Magic:  12/12      EV: 11    Int:  5    God:    Okawaru [******]
Gold:   613        SH:  0    Dex: 13    Spells: 11/11 levels left

rFire    + . .     SeeInvis .   D - +2 battleaxe of Cruel Justice {freeze, *Corrode +Rage MR+}
rCold    + . .     Gourm    .   (shield currently unavailable)
rNeg     . . .     Faith    .   c - +2 gold dragon scales
rPois    +         Spirit   .   (helmet restricted)
rElec    .         Reflect  .   q - scarf {cloud immunity}
rCorr    .         Harm     .   x - +0 pair of gloves {Str+3}
MR       +....     NoTele   +   F - +2 pair of boots
Stlth    ..........             (no amulet)
HPRegen  0.31/turn              s - +3 ring of dexterity
MPRegen  0.13/turn              t - +3 ring of strength

@: confused
A: retaliatory headbutt, horns 2, high mp 1, wild magic 1
a: Heroism, Finesse, Renounce Religion, Evoke Berserk Rage


You were in the Dungeon.
You worshipped Okawaru.
Okawaru was exalted by your worship.
You were not hungry.

You visited 1 branch You collected 1900 gold pieces.
You spent 1287 gold pieces at shops.

Inventory:

Hand Weapons
 p - a +3 war axe of freezing
 D - the +2 battleaxe of Cruel Justice (weapon) {freeze, *Corrode +Rage MR+}
   (Okawaru gifted it to you in the Dungeon)

   It has been specially enchanted to freeze those struck by it, causing extra
   injury to most foes and up to half again as much damage against particularly
   susceptible opponents.
   It can also slow down cold-blooded creatures.
   It affects your resistance to hostile enchantments.
   It lets you go berserk.
   It may corrode you when you take damage.
Armour
 c - +2 gold dragon scales (worn)
 q - a scarf of cloud immunity (worn)
 x - a +0 pair of gloves of strength (worn)
 F - a +2 pair of boots (worn)
Jewellery
 r - an uncursed ring of protection from magic
 s - a +3 ring of dexterity (left hand)
 t - a +3 ring of strength (right hand)
 B - an uncursed ring of protection from fire
 C - an uncursed ring of poison resistance
 E - an uncursed ring of resist corrosion
Wands
 b - a wand of lightning (6/15)
 o - a wand of acid (7/15)
 y - a wand of polymorph (10/24)
Scrolls
 k - 3 scrolls of blinking
 m - 4 scrolls of remove curse
 n - 2 scrolls of amnesia
 u - 3 scrolls of fear
 v - 4 scrolls of enchant armour
 w - a scroll of recharging
 G - a scroll of fog
Potions
 a - a potion of resistance
 d - a potion of might
 e - 8 potions of curing
 g - a potion of heal wounds
 h - 4 potions of haste
 i - 4 potions of magic
 j - 3 potions of berserk rage
 l - a potion of invisibility
Comestibles
 f - 12 bread rations
 z - 40 fruits
 A - 12 meat rations


   Skills:
 + Level 18.3 Fighting
 + Level 21.3 Axes
 + Level 13.4 Armour
 + Level 9.8 Dodging
 + Level 2.7 Stealth
   Level 15.5 Shields


You had 11 spell levels left.
You didn't know any spells.

Dungeon Overview and Level Annotations

Branches:
Dungeon (1/1)

Altars:
Cheibriados
Dithmenos
Elyvilon
Fedhas
Gozag
Hepliaklqana
Kikubaaqudgha
Makhleb
Nemelex Xobeh
Okawaru
Qazlal
Ru
Sif Muna
Trog
Uskayaw
Vehumet
Wu Jian
Xom
Yredelemnul
Zin
The Shining One
Beogh
Jiyva
Lugonu

Shops:
D *?}[


Innate Abilities, Weirdness & Mutations

You reflexively headbutt those who attack you in melee.
You have a pair of horns on your head.
You have an increased reservoir of magic. (+10% MP)
Your spells are a little harder to cast, but a little more powerful.


Message History

The ettin hits you with a dire flail!
* * * LOW HITPOINT WARNING * * *
You feel much better. The golden eye blinks at you.
You are more confused.
You feel much better.
The golden eye changes into a black mamba!
The ettin hits you with a dire flail!
* * * LOW HITPOINT WARNING * * *
The ettin hits you but does no damage.
You bump into the unnaturally hard rock wall.
The ettin barely misses you. The ettin hits you but does no damage.
You bump into the unnaturally hard rock wall.
The ettin hits you with a dire flail!!
* * * LOW HITPOINT WARNING * * *
The ettin hits you with a dire flail.
* * * LOW HITPOINT WARNING * * *
You bump into the unnaturally hard rock wall.
The ettin hits you with a dire flail!
You die...

▓.▓.▓)▓.▓.▓.▓_▓
▓(▓.▓)▓.▓†▓.▓'▓
▓'▓.▓)▓.▓.▓.▓.▓
▓(▓.▓.▓.▓.▓.▓.▓
▓)▓)▓.▓.▓.▓.▓|▓
▓)▓.▓.▓.▓.▓.▓)▓
▓)▓.▓∩▓.▓.▓.▓.▓
▓.▓.▓.▓.▓.▓.▓[▓
▓@▓.▓∩▓.▓.▓.▓.▓
▓C▓.▓)▓.▓.▓.▓.▓
▓C▓.▓∩▓.▓(▓.▓[▓
▓S▓.▓)▓.▓(▓.▓†▓
▓.▓.▓∩▓.▓[▓.▓.▓
▓.▓.▓.▓.▓.▓.▓.▓
▓.▓.▓.▓.▓'▓.▓.▓
▓.▓.▓.▓.▓.▓.▓.▓
▓.▓.▓.▓.▓.▓.▓.▓


You could see 2 ettins and a black mamba shaped shifter.

Vanquished Creatures
  2 ettins (D)
  Harold (D)
  An ice dragon (D)
  Erica (D)
  5 two-headed ogres (D)
  2 centaur warriors (D)
  2 tengu warriors (D)
  Urug (D)
  2 orc knights (D)
  An orc sorcerer (D)
  An ugly thing (D)
  A cyclops (D)
  Psyche (D)
  3 spiny frogs (D)
  A rime drake (D)
  A komodo dragon (D)
  A yaktaur (D)
  A tyrant leech (D)
  A blink frog (D)
  A shadow (D)
  A wyvern (D)
  A basilisk (D)
  2 vampire mosquitoes (D)
  2 water moccasins (D)
  5 porcupines (D)
  An ice beast (D)
  11 orc warriors (D)
  2 wolves (D)
  8 ogres (D)
  A crocodile (D)
  8 bullfrogs (D)
  A scorpion (D)
  A crimson imp (D)
  A jelly (D)
  5 orc priests (D)
  A hell rat (D)
  An adder (D)
  A shadow imp (D)
  2 dart slugs (D)
  A leopard gecko (D)
  6 orcs (D)
  A bat skeleton (D)
  A bat zombie (D)
  3 frilled lizards (D)
  2 giant cockroach zombies (D)
  2 kobolds (D)
  A leopard gecko skeleton (D)
102 creatures vanquished.

Vanquished Creatures (others)
  A spatial maelstrom (D)
1 creature vanquished.

Grand Total: 103 creatures vanquished

Notes
Turn   | Place    | Note
-------+----------+-------------------------------------------
     0 | D        | Deeps the Minotaur Fighter began the quest for the Orb.
     0 | D        | Reached XP level 1. HP: 19/19 MP: 0/0
     7 | D        | Banished a spatial maelstrom
    39 | D        | Reached skill level 3 in Axes
    39 | D        | Reached XP level 2. HP: 16/27 MP: 1/1
    48 | D        | Found a roughly hewn altar of Beogh.
    48 | D        | Found a snail-covered altar of Cheibriados.
    48 | D        | Found a shadowy altar of Dithmenos.
    48 | D        | Found a white marble altar of Elyvilon.
    48 | D        | Found a blossoming altar of Fedhas.
    48 | D        | Found an opulent altar of Gozag.
    49 | D        | Found a hazy altar of Hepliaklqana.
    50 | D        | Found a viscous altar of Jiyva.
    51 | D        | Found an ancient bone altar of Kikubaaqudgha.
    52 | D        | Found a corrupted altar of Lugonu.
    53 | D        | Found a burning altar of Makhleb.
    54 | D        | Found a sparkling altar of Nemelex Xobeh.
    55 | D        | Found an iron altar of Okawaru.
    56 | D        | Found a stormy altar of Qazlal.
    57 | D        | Found a sacrificial altar of Ru.
    58 | D        | Found a deep blue altar of Sif Muna.
    59 | D        | Found a bloodstained altar of Trog.
    60 | D        | Found a hide-covered altar of Uskayaw.
    61 | D        | Found a radiant altar of Vehumet.
    62 | D        | Found an ornate altar of the Wu Jian Council.
    63 | D        | Found a shimmering altar of Xom.
    64 | D        | Found a basalt altar of Yredelemnul.
    65 | D        | Found a glowing silver altar of Zin.
    66 | D        | Found a glowing golden altar of the Shining One.
    86 | D        | Became a worshipper of Warmaster Okawaru
   138 | D        | Noticed a bullfrog
   138 | D        | Noticed an ice beast
   138 | D        | Noticed a scorpion
   142 | D        | Killed a bullfrog
   142 | D        | Reached skill level 5 in Axes
   142 | D        | Reached skill level 5 in Armour
   142 | D        | Reached skill level 1 in Dodging
   142 | D        | Reached skill level 5 in Shields
   142 | D        | Reached XP level 3. HP: 34/37 MP: 2/2
   142 | D        | Reached XP level 4. HP: 41/44 MP: 3/3
   149 | D        | Killed an ice beast
   149 | D        | Reached * piety under Okawaru
   149 | D        | Reached skill level 7 in Axes
   149 | D        | Reached XP level 5. HP: 39/52 MP: 4/4
   151 | D        | Reached skill level 8 in Axes
   227 | D        | Noticed a centaur warrior
   227 | D        | Noticed a red ugly thing
   227 | D        | Noticed a centaur warrior
   237 | D        | Killed a centaur warrior
   237 | D        | Reached ** piety under Okawaru
   237 | D        | Reached skill level 10 in Fighting
   237 | D        | Reached skill level 12 in Axes
   237 | D        | Reached XP level 6. HP: 51/67 MP: 5/5
   237 | D        | Reached XP level 7. HP: 55/73 MP: 6/6
   241 | D        | Killed a red ugly thing
   241 | D        | Reached *** piety under Okawaru
   241 | D        | Reached skill level 13 in Axes
   241 | D        | Reached XP level 8. HP: 35/82 MP: 7/7
   247 | D        | Killed a centaur warrior
   247 | D        | Reached skill level 14 in Axes
   247 | D        | Reached skill level 10 in Armour
   247 | D        | Reached skill level 5 in Dodging
   247 | D        | Reached skill level 10 in Shields
   253 | D        | Reached **** piety under Okawaru
   564 | D        | Noticed a spiny frog
   568 | D        | Reached skill level 15 in Axes
   568 | D        | Reached XP level 9. HP: 74/90 MP: 8/8
   584 | D        | Killed a spiny frog
   584 | D        | Reached skill level 16 in Axes
   589 | D        | Reached ***** piety under Okawaru
   741 | D        | Noticed a rime drake
   749 | D        | Noticed a spiny frog
   753 | D        | Killed a rime drake
   753 | D        | Reached skill level 17 in Axes
   760 | D        | Received a gift from Okawaru
   766 | D        | Killed a spiny frog
   766 | D        | Reached XP level 10. HP: 62/100 MP: 9/9
   794 | D        | Noticed a spiny frog
   807 | D        | Killed a spiny frog
   807 | D        | Reached skill level 18 in Axes
   997 | D        | Noticed Urug
  1008 | D        | Killed Urug
  1047 | D        | Noticed Erica
  1049 | D        | Noticed Psyche
  1055 | D        | Killed Erica
  1058 | D        | Killed Psyche
  1171 | D        | Noticed an ettin
  1176 | D        | Killed an ettin
  1176 | D        | Reached skill level 19 in Axes
  1178 | D        | Noticed an orc knight
  1194 | D        | Killed an orc knight
  1194 | D        | Reached XP level 11. HP: 67/111 MP: 10/10
  1394 | D        | Noticed an orc knight
  1401 | D        | Killed an orc knight
  1401 | D        | Reached skill level 15 in Fighting
  1402 | D        | Noticed an orc sorcerer
  1406 | D        | Noticed a sun demon
  1420 | D        | Killed an orc sorcerer
  1466 | D        | Found Girror's General Store.
  1466 | D        | Noticed a two-headed ogre
  1467 | D        | Noticed a two-headed ogre
  1473 | D        | Killed a two-headed ogre
  1473 | D        | Reached skill level 1 in Stealth
  1481 | D        | Killed a two-headed ogre
  1481 | D        | Reached skill level 20 in Axes
  1490 | D        | Found Wask's Magic Scroll Shoppe.
  1836 | D        | Found Roukhly's Gadget Emporium.
  1838 | D        | Noticed a two-headed ogre
  1839 | D        | Found Dihuvots's Armour Shoppe.
  1839 | D        | Noticed a two-headed ogre
  1840 | D        | Noticed a two-headed ogre
  1844 | D        | Killed a two-headed ogre
  1844 | D        | Reached ****** piety under Okawaru
  1844 | D        | Reached skill level 15 in Shields
  1848 | D        | Killed a two-headed ogre
  1848 | D        | Received a gift from Okawaru
  1851 | D        | Killed a two-headed ogre
  1868 | D        | Got a twisted battleaxe {god gift}
  1875 | D        | Identified the +2 battleaxe of Cruel Justice {freeze, *Corrode +Rage MR+} (Okawaru gifted it to you in the Dungeon)
  1909 | D        | Bought +2 gold dragon scales for 1196 gold pieces
  1909 | D        | Bought a scarf of cloud immunity for 91 gold pieces
  1963 | D        | Noticed Harold
  1974 | D        | Killed Harold
  2104 | D        | Gained mutation: You have an increased reservoir of magic. (+10% MP) [potion of mutation]
  2104 | D        | Gained mutation: Your spells are a little harder to cast, but a little more powerful. [potion of mutation]
  2133 | D        | Noticed a tengu warrior
  2144 | D        | Noticed a tengu warrior
  2151 | D        | Killed a tengu warrior
  2151 | D        | Reached XP level 12. HP: 104/125 MP: 12/12
  2154 | D        | Noticed an ettin
  2158 | D        | Noticed an ice dragon
  2158 | D        | Killed a tengu warrior
  2161 | D        | Noticed an ettin
  2163 | D        | Noticed an ettin
  2164 | D        | Killed an ettin
  2164 | D        | Received a gift from Okawaru
  2164 | D        | Reached skill level 21 in Axes
  2177 | D        | Killed an ice dragon
  2189 | D        | HP: 1/128 [ettin/dire flail (23)]
  2195 | D        | Slain by an ettin

Vault maps used:
D:        linesprint

Skill      XL: |  1  2  3  4  5  6  7  8  9 10 11 12 |
---------------+-------------------------------------+-----
Armour         | 4 5 6 9 10 11 13 | 13.4
Fighting       | 4 6 7 10 11 12 14 17 18 | 18.3
Shields        | 4 5 6 9 10 11 13 15 | 15.5
Axes           | 3 5 7 12 13 15 17 19 20 21 | 21.3
Dodging        | 1 2 4 5 6 8 9 |  9.8
Stealth        | 2 |  2.7

Action                   |  1- 3 |  4- 6 |  7- 9 | 10-12 || total
-------------------------+-------+-------+-------+-------++-------
Melee: War axe           |    35 |    19 |    64 |   156 ||   274
       Headbutt          |     2 |     5 |    15 |    50 ||    72
       Battleaxe         |       |       |       |    49 ||    49
  Use: Potion            |       |       |     1 |     4 ||     5
       Scroll            |       |       |       |     2 ||     2
  Eat: Bread ration      |       |       |       |     1 ||     1
Armor: Scale mail        |    11 |       |       |       ||    11
       Ring mail         |     2 |     7 |     1 |     5 ||    15
       Gold dragon scale |       |       |       |    41 ||    41
Dodge: Dodged            |    12 |     6 |    13 |    44 ||    75
Block: Shield            |    18 |     6 |    24 |    56 ||   104
